 Dungeon Crawl Stone Soup version 0.23.2-33-g5129a83184 (webtiles) character file.

Game seed: 17844654691650634988

6448 t4s4d4r the Grappler (level 10, -10/77 HPs)
             Began as a Demonspawn Fighter on July 16, 2019.
             Was an Initiate of Gozag.
             Mangled by a death knight
             ... wielding a +2 halberd of freezing
              (29 damage)
             ... on level 9 of the Dungeon.
             The game lasted 00:13:04 (10972 turns).

t4s4d4r the Grappler (Demonspawn Fighter)          Turns: 10972, Time: 00:13:04

Health: -10/77     AC:  9    Str: 16    XL:     10   Next: 67%
Magic:  19/19      EV: 18    Int: 13    God:    Gozag
Gold:   1769       SH:  0    Dex: 18    Spells: 9/9 levels left

rFire    + . .     SeeInvis .     - Unarmed
rCold    . . .     Gourm    .   (no shield)
rNeg     . . .     Faith    .   a - +0 scale mail
rPois    .         Spirit   .   (no helmet)
rElec    .         Reflect  .   (no cloak)
rCorr    .         Harm     .   (no gloves)
MR       .....                  k - +1 pair of boots
Stlth    ++........             (no amulet)
HPRegen  0.22/turn              i - ring of magical power
MPRegen  0.16/turn              n - ring of stealth

@: agile
A: claws 2, fire resistance 1, powered by pain 1, flame cloud immunity
a: Potion Petition, Call Merchant, Bribe Branch, Renounce Religion


You were on level 9 of the Dungeon.
You worshipped Gozag.
Gozag was most pleased with you.
You were not hungry.

You visited 1 branch of the dungeon, and saw 9 of its levels.
You also visited: Sewer.

You collected 1797 gold pieces.
You paid 28 gold pieces to Gozag.

Inventory:

Missiles
 f - 203 stones (quivered)
 g - 6 throwing nets
Armour
 a - a +0 scale mail (worn)
 b - a +0 shield
 k - a +1 pair of boots (worn)
Jewellery
 i - a ring of magical power (left claw)
 n - a ring of stealth (right claw)
Wands
 o - a wand of flame (41)
 y - a wand of random effects (50)
 D - a wand of disintegration (17)
 G - a wand of paralysis (7)
Scrolls
 c - a scroll of amnesia
 e - 3 scrolls of teleportation
 p - 4 scrolls of remove curse
 r - a scroll of magic mapping {unknown}
 A - a scroll of blinking {unknown}
 B - 2 scrolls of fear {unknown}
 C - a scroll of vulnerability
 E - a scroll of noise {unknown}
 F - 2 scrolls of enchant armour
 H - a scroll of random uselessness {unknown}
 I - a scroll of silence {unknown}
Potions
 j - a potion of ambrosia
 l - 2 potions of heal wounds
 m - 2 potions of degeneration {unknown}
 q - 6 potions of curing
 s - 4 potions of brilliance
 t - a potion of berserk rage
 u - 6 potions of haste
 v - a potion of resistance {unknown}
 w - a potion of lignification {unknown}
 x - a potion of flight
 z - a potion of might
Comestibles
 d - 10 rations


   Skills:
 - Level 6.5 Fighting
 - Level 6.0 Armour
 - Level 5.1 Dodging
 - Level 2.6 Shields
 + Level 11.7 Unarmed Combat


You had 9 spell levels left.
You didn't know any spells.
Your spell library contained the following spells:

 Spells                   Type           Power        Failure   Level  Hunger
 Flame Tongue             Conj/Fire      #....        69%         1    ##.....
 Throw Flame              Conj/Fire      #.....       83%         2    ###....
 Conjure Flame            Conj/Fire      #.......     96%         3    ####...
 Inner Flame              Hex/Fire       #.......     96%         3    ####...
 Sticky Flame             Conj/Fire      #.......     100%        4    #####..
 Fireball                 Conj/Fire      #.........   100%        5    ######.


Dungeon Overview and Level Annotations

Branches:
Dungeon (9/15)             Temple (0/1) D:5             Orc (0/2) D:9
   Lair: D:8-11

Altars:
Ashenzari
Cheibriados
Gozag
Hepliaklqana
Nemelex Xobeh
Okawaru
Qazlal
Sif Muna
Trog
Vehumet
Zin

Annotations:
D:3 2 transporters
D:4 1 runed translucent door, AarnesTheHuman's ghost, amateur HuFi
D:7 1 runed translucent door, Crazy Yiuf


Innate Abilities, Weirdness & Mutations

You have very sharp fingernails.
Your flesh is heat resistant. (rF+)
You sometimes gain a little power by taking damage.
You are immune to clouds of flame.


Message History

The death knight freezes you.
You closely miss the death knight. Your claw misses the death knight.
The death knight is lightly wounded.
You closely miss the death knight.
The death knight is lightly wounded.
The death knight hits you with a +2 halberd of freezing.
The death knight freezes you.
You mangle the death knight!!
The death knight is moderately wounded.
The death knight hits you with a +2 halberd of freezing.
* * * LOW HITPOINT WARNING * * *
The death knight freezes you.
* * * LOW HITPOINT WARNING * * *
You scratch the death knight but do no damage.
The death knight is moderately wounded.
You closely miss the death knight.
The death knight is moderately wounded.
The death knight hits you with a +2 halberd of freezing!!
You die...
Your body crumbles into a pile of gold.

#? ..........###<# .
##.#####..# #.# .## ..#
#..###.# ..# #.# ##......#
### #.# ###.# #..###.[#
#..##.# #...# ##.## #..#
#.#$#.# #.#.###.#>###..#
#..#.# #.#.##.###.##..#
....#.#[# ##.#@..## ##...<#
....#.p)##
##..p.##.###>##.##
p...###..###.....###.#.###.#
...# #...........###.####.#
### #.##.................#
#.#####+##..####.##### ##.#
##≈.≈#### #.# #..###≈≈.≈≈##
#.# #.###≈≈8.8≈≈### #.#


You could see a death knight.

Vanquished Creatures
  Harold (D:9)
  Pikel (D:7)
  2 deep elf magi (D:9)
  A hippogriff (D:7)
  A hornet (D:9)
  Sigmund (D:3)
  A spriggan (D:8)
  4 yaks (D:9)
  A wyvern (D:8)
  A water moccasin (D:9)
  An orc warrior (D:6)
  2 sky beasts
  2 ice beasts
  A centaur (D:6)
  A phantom (D:6)
  A necrophage (D:6)
  A crocodile (D:9)
  A big kobold (Sewer)
  4 bullfrogs
  3 scorpions
  6 crimson imps
  2 bullfrog zombies
  A centaur skeleton (D:4)
  3 hounds
  3 jellies
  A quasit (D:9)
  8 orc priests
  A bullfrog skeleton (D:4)
  2 iguanas
  Ijyb (D:5)
  Natasha (thrice) (D:4)
  6 orc wizards
  4 worker ants
  A hound zombie (D:6)
  A worker ant zombie (D:7)
  9 gnolls
  A howler monkey skeleton (D:5)
  17 adders
  2 river rats (Sewer)
  2 shadow imps
  7 oozes
  4 worms
  2 dart slugs (D:1)
  11 leopard geckos
  22 orcs
  7 giant cockroaches
  6 goblins
  6 hobgoblins
  19 jackals
  8 quokkas
  3 ball pythons
  4 bats
  7 frilled lizards
  A jackal skeleton (D:8)
  10 kobolds
  A leopard gecko skeleton (D:4)
  A quokka skeleton (D:6)
  8 rats
232 creatures vanquished.

Vanquished Creatures (others)
  A crimson imp (D:7)
1 creature vanquished.

Grand Total: 233 creatures vanquished

Notes
Turn   | Place    | Note
-------+----------+-------------------------------------------
     0 | D:1      | t4s4d4r the Demonspawn Fighter began the quest for the Orb.
     0 | D:1      | Reached XP level 1. HP: 18/18 MP: 1/1
    49 | D:1      | Reached skill level 2 in Unarmed Combat
   365 | D:1      | Gained mutation: You have sharp fingernails. [demonic
                  | ancestry]
   365 | D:1      | Reached XP level 2. HP: 24/24 MP: 2/2
   537 | D:1      | Reached skill level 3 in Unarmed Combat
   752 | D:1      | Reached XP level 3. HP: 28/29 MP: 3/3
  1623 | D:2      | Found an opulent altar of Gozag.
  1623 | D:2      | Found an iron altar of Okawaru.
  1624 | D:2      | Found a shattered altar of Ashenzari.
  1624 | D:2      | Found a sparkling altar of Nemelex Xobeh.
  1628 | D:2      | Found a stormy altar of Qazlal.
  1628 | D:2      | Found a deep blue altar of Sif Muna.
  1632 | D:2      | Became a worshipper of Gozag Ym Sagoz the Greedy
  1677 | D:2      | Found a radiant altar of Vehumet.
  1818 | D:2      | Reached skill level 4 in Unarmed Combat
  1818 | D:2      | Reached XP level 4. HP: 29/35 MP: 4/4
  2403 | D:3      | Gained mutation: You sometimes gain a little power by
                  | taking damage. [demonic ancestry]
  2403 | D:3      | Reached XP level 5. HP: 38/41 MP: 5/5
  2433 | D:3      | Reached skill level 5 in Unarmed Combat
  2494 | D:3      | Found a transporter.
  2532 | D:3      | Noticed Sigmund
  2555 | D:3      | Killed Sigmund
  2555 | D:3      | Reached skill level 6 in Unarmed Combat
  2555 | D:3      | Reached XP level 6. HP: 6/47 MP: 6/6
  2975 | D:3      | Found a transporter.
  3697 | D:4      | Reached skill level 7 in Unarmed Combat
  3709 | D:4      | Gained mutation: You have very sharp fingernails. [demonic
                  | ancestry]
  3709 | D:4      | Reached XP level 7. HP: 46/52 MP: 7/7
  3753 | D:4      | Noticed Natasha
  3763 | D:4      | Killed Natasha
  4115 | D:4      | Noticed Natasha
  4116 | D:4      | Killed Natasha
  4296 | D:4      | Found a runed translucent door.
  4296 | D:4      | Noticed AarnesTheHuman's ghost (amateur HuFi)
  4450 | D:4      | Reached skill level 8 in Unarmed Combat
  5361 | D:4      | Noticed Natasha
  5366 | D:4      | Killed Natasha
  5366 | D:4      | Reached skill level 1 in Dodging
  5387 | D:5      | Entered Level 5 of the Dungeon
  5587 | D:5      | Gained mutation: Your flesh is heat resistant. (rF+)
                  | [demonic ancestry]
  5587 | D:5      | Reached XP level 8. HP: 51/59 MP: 8/8
  5669 | D:5      | Noticed Ijyb
  5682 | D:5      | Killed Ijyb
  6068 | D:5      | Found a staircase to the Ecumenical Temple.
  6738 | D:6      | Found an opulent altar of Gozag.
  6801 | D:6      | Found a glowing drain.
  6850 | Sewer    | Entered a sewer
  7068 | Sewer    | Reached skill level 5 in Fighting
  7774 | D:6      | Reached skill level 5 in Armour
  7915 | D:7      | Noticed Pikel
  7936 | D:7      | Killed Pikel
  7936 | D:7      | Reached XP level 9. HP: 53/69 MP: 9/9
  8147 | D:7      | Found a snail-covered altar of Cheibriados.
  8318 | D:7      | Reached skill level 5 in Dodging
  8539 | D:7      | Found a runed translucent door.
  8540 | D:7      | Noticed Crazy Yiuf
  8899 | D:8      | Found a hazy altar of Hepliaklqana.
  8944 | D:8      | Found a glowing silver altar of Zin.
  8949 | D:8      | Found a bloodstained altar of Trog.
  9084 | D:8      | Reached skill level 9 in Unarmed Combat
  9406 | D:9      | Gained mutation: You are immune to clouds of flame.
                  | [demonic ancestry]
  9406 | D:9      | Reached XP level 10. HP: 64/77 MP: 10/10
  9516 | D:9      | Reached skill level 10 in Unarmed Combat
  9929 | D:9      | Noticed Harold
  9946 | D:9      | Killed Harold
 10190 | D:9      | Noticed a deep elf mage
 10190 | D:9      | Noticed a deep elf mage
 10206 | D:9      | Killed a deep elf mage
 10206 | D:9      | Reached skill level 11 in Unarmed Combat
 10526 | D:9      | Found a staircase to the Orcish Mines.
 10593 | D:9      | Noticed a deep elf mage
 10605 | D:9      | Killed a deep elf mage
 10947 | D:9      | Noticed a death knight
 10972 | D:9      | Mangled by a death knight

Skill      XL: |  1  2  3  4  5  6  7  8  9 10 |
---------------+-------------------------------+-----
Unarmed Combat | 2 3 4 6 7 8 9 11 | 11.7
Armour         | 3 5 6 |  6.0
Dodging        | 1 4 5 |  5.1
Fighting       | 5 6 |  6.5
Shields        | |  2.6

Action                   |  1- 3 |  4- 6 |  7- 9 | 10-12 || total
-------------------------+-------+-------+-------+-------++-------
Melee: Unarmed           |   128 |   171 |   538 |    97 ||   934
       Punch             |       |     4 |    11 |     2 ||    17
Evoke: Wand              |       |       |       |     1 ||     1
  Use: Potion            |       |     1 |     1 |     1 ||     3
       Scroll            |       |       |    12 |     1 ||    13
 Stab: Sleeping          |       |     1 |     1 |       ||     2
       Distracted        |       |     1 |       |     1 ||     2
  Eat: Chunk             |     3 |       |       |       ||     3
       Ration            |       |     2 |     5 |     2 ||     9
Armor: Scale mail        |    61 |    65 |   174 |    21 ||   321
Dodge: Dodged            |    45 |    67 |   258 |    37 ||   407
Block: Shield            |    12 |       |       |       ||    12
